 Dungeon Crawl Stone Soup version 0.30-a0-170-g85af917532 (webtiles) character file.

Game seed: 14885146841437714406

63 qw the Chopper (level 4, -2/28 HPs)
             Began as a Gargoyle Fighter on Sept 30, 2022.
             Slain by a goblin
             ... wielding a +0 dagger
             ... led by Robin
              (3 damage)
             ... on level 2 of the Dungeon.
             The game lasted 00:00:37 (1515 turns).

qw the Chopper (Gargoyle Fighter)                   Turns: 1515, Time: 00:00:38

Health: -2/28      AC: 10    Str: 22    XL:     4   Next: 9%
Magic:  4/4        EV:  9    Int:  8    God:
Gold:   105        SH:  4    Dex:  9    Spells: 3/3 levels left

rFire   . . .      SeeInvis .    Y - +0 war axe
rCold   . . .      Faith    .    c - +0 buckler
rNeg    + . .      Spirit   .    b - +0 scale mail
rPois   inf        Reflect  .    (no helmet)
rElec   +          Harm     .    (no cloak)
rCorr   .          Rampage  .    (no gloves)
Will    .....                    (no boots)
Stlth   ..........               (no amulet)
HPRegen 0.09/turn                (no ring)
MPRegen 0.09/turn                (no ring)

@: no status effects
A: sickness immunity, AC +3, negative energy resistance 1, electricity
resistance, torment resistance 1, petrification resistance
a: no special abilities


You were on level 2 of the Dungeon.
You visited 1 branch of the dungeon, and saw 2 of its levels.

You collected 105 gold pieces.


Innate Abilities, Weirdness & Mutations

You are immune to sickness and miasma.
Your stone body is resilient. (AC +3)
You are immune to poison.
You resist negative energy. (rN+)
You are resistant to electric shocks. (rElec)
You are resistant to unholy torment.
You are immune to petrification.


   Skills:
 - Level 3.2 Fighting
 + Level 3.9 Axes
 - Level 3.2 Armour
 - Level 3.2 Shields


You had 3 spell levels left.
You didn't know any spells.
Your spell library was empty.

Inventory:

Hand Weapons
 i - a +0 mace
 Y - a +0 war axe (weapon)
Armour
 b - a +0 scale mail (worn)
 c - a +0 buckler (worn)
Potions
 a - a potion of brilliance {unknown}
 d - 2 potions of might
 f - a potion of curing {unknown}
 g - a potion of cancellation {unknown}
 h - a potion of haste {unknown}

Dungeon Overview and Level Annotations

Branches:
Dungeon (2/15)

Altars:


Message History

Robin is severely wounded.
You miss the goblin. The goblin hits you with a +0 club.
Robin roars a battlecry!
The goblin goes into a battle-frenzy!
The goblin barely misses you. Robin barely misses you.
You barely miss Robin.
Robin is severely wounded.
You barely miss the goblin. The goblin hits you but does no damage.
You closely miss Robin.
Robin is severely wounded.
You closely miss the goblin. You block the goblin's attack.
Robin closely misses you.
You hit Robin.
You kill Robin!
You closely miss the goblin. The goblin hits you but does no damage.
The goblin hits you with a +0 club. x2
You have reached level 4!
You feel stronger.
You closely miss the goblin. You barely miss the goblin.
The goblin closely misses you. The goblin hits you with a +0 club.
You closely miss the goblin. You slash the goblin!
You kill the goblin!
The goblin hits you but does no damage.
You closely miss the goblin.
The hobgoblin no longer looks unusually strong.
The goblin hits you with a +0 club. You block the goblin's attack.
You slash the goblin!
You kill the goblin!
You barely miss the hobgoblin.
The hobgoblin no longer looks unusually strong.
The hobgoblin closely misses you. The hobgoblin barely misses you.
You hit the hobgoblin but do no damage. The hobgoblin hits you.
You slash the hobgoblin!
You kill the hobgoblin!
You slash the hobgoblin!
You kill the hobgoblin!
The goblin hits you with a +0 dagger.
You die...

###
..#+#####
#.......##
#.........
#.........
#.....g.g.
#g%...g...
#g#.>.....
#@#..##..g
#)#..# .
#)#..#
#.#...
#.#.###
#.#.# #.#
#.# #.#


You could see a hobgoblin and a goblin (strong).

Vanquished Creatures
  Robin (D:2)
  A worm (D:2)
  3 endoplasms (D:1)
  4 giant cockroaches (D:1)
  6 goblins (D:2)
  7 hobgoblins
  2 jackals (D:1)
  A quokka (D:2)
  6 ball pythons
  5 bats
  2 frilled lizards (D:1)
  3 kobolds (D:1)
  3 rats (D:1)
44 creatures vanquished.

Notes
Turn   | Place    | Note
-------+----------+-------------------------------------------
     0 | D:1      | qw the Gargoyle Fighter began the quest for the Orb.
     0 | D:1      | Reached XP level 1. HP: 14/14 MP: 1/1
     0 | D:1      | 0 ||| qw: Version: 0.2-a-12-gaebbb33
     0 | D:1      | 0 ||| qw: Game counter: 1613
     0 | D:1      | 0 ||| qw: Always use a shield: true
     0 | D:1      | 0 ||| qw: God list: Okawaru
     0 | D:1      | 0 ||| qw: Allow faded altars: false
     0 | D:1      | 0 ||| qw: Do Orc after D:15 true
     0 | D:1      | 0 ||| qw: Do second Lair branch before Depths: true
     0 | D:1      | 0 ||| qw: Lair rune preference: random
     0 | D:1      | 0 ||| qw: Plans: Normal, Zot:1-4, God:TSO, Crypt, Tomb,
                  | Pan, Slime:5, Hells, Abyss, Orb
     0 | D:1      | 0 ||| PLANNING D:1-11
   148 | D:1      | 148 ||| Stepping ~*~*~tactically~*~*~ (stealth).
   161 | D:1      | Reached XP level 2. HP: 19/19 MP: 2/2
   587 | D:1      | 587 ||| DROPPING +0 club.
   593 | D:1      | Reached skill level 3 in Axes
   598 | D:1      | Reached XP level 3. HP: 19/23 MP: 3/3
   686 | D:1      | Found a faded altar of an unknown god.
   725 | D:1      | 725 ||| Stepping ~*~*~tactically~*~*~ (stealth).
   726 | D:1      | 726 ||| Stepping ~*~*~tactically~*~*~ (stealth).
   739 | D:1      | 739 ||| Stepping ~*~*~tactically~*~*~ (stealth).
  1246 | D:1      | 1246 ||| DROPPING ring of wizardry.
  1247 | D:1      | 1247 ||| READING scroll labelled SUIVVIUSCHU.
  1302 | D:1      | 1302 ||| READING scroll labelled BECKIE JABI.
  1306 | D:1      | 1306 ||| READING scroll labelled RYANIST KISUOLET.
  1484 | D:2      | 1484 ||| Stepping ~*~*~tactically~*~*~ (stealth).
  1485 | D:2      | Noticed Robin
  1486 | D:2      | 1486 ||| Stepping ~*~*~tactically~*~*~ (hiding).
  1494 | D:2      | 1494 ||| Stepping ~*~*~tactically~*~*~ (stealth).
  1507 | D:2      | Killed Robin
  1508 | D:2      | Reached XP level 4. HP: 13/28 MP: 4/4
  1508 | D:2      | HP: 7/28 [goblin/+0 club[Robin] (6)]
  1510 | D:2      | HP: 3/28 [goblin/+0 club[Robin] (5)]
  1513 | D:2      | HP: 1/28 [hobgoblin[Robin] (2)]
  1515 | D:2      | Slain by a goblin

Levels and vault maps discovered:
D:1:      saegor_arrival_simple_b, layout_loops_corners,
          hellmonk_ecumenical_altar_run_dry, minmay_tromino_v7
D:2:      layout_basic, dk_noncrumbling_3, kennysheep_potato, uniq_robin

Skill      XL: |  1  2 |
---------------+-------+-----
Axes           | 2 3 |  3.9
Fighting       | |  3.2
Armour         | |  3.2
Shields        | |  3.2

Action                   |  1- 3 |  4- 6 || total
-------------------------+-------+-------++-------
Melee: War axe           |   131 |     8 ||   139
  Use: Scroll            |     3 |       ||     3
Armor: Scale mail        |    71 |     1 ||    72
Dodge: Dodged            |    73 |     3 ||    76
Block: Buckler           |    27 |     1 ||    28

Table legend:
 A = Non-vault XP
 B = Vault XP
 C = Vault XP percentage of total XP
 D = Non-vault monster count
 E = Vault monster count
 F = Vault count percentage of total count
                 A         B        C        D         E       F
            +---------+---------+-------+---------+---------+-------
      Total |      53 |      39 |  42.4 |      31 |      13 |  29.5
            +---------+---------+-------+---------+---------+-------
        D:1 |      40 |       8 |  16.7 |      26 |       4 |  13.3
        D:2 |      13 |      31 |  70.5 |       5 |       9 |  64.3
            +---------+---------+-------+---------+---------+-------
